 Dungeon Crawl Stone Soup version 0.30.0-20-g3615ddf2f0 (webtiles) character file.

Game seed: 9630385613270895015

3714 qw the Cleaver (level 10, -8/60 HPs)
             Began as a Gargoyle Fighter on May 27, 2023.
             Was a Follower of Okawaru.
             Mangled by a death yak (18 damage)
             ... on level 8 of the Dungeon.
             The game lasted 00:03:55 (6171 turns).

qw the Cleaver (Gargoyle Fighter)                   Turns: 6171, Time: 00:03:56

Health: -8/60      AC: 27    Str: 24    XL:     10   Next: 14%
Magic:  13/13      EV:  8    Int:  9    God:    Okawaru [*.....]
Gold:   790        SH: 11    Dex:  9    Spells: 9/9 levels left

rFire   + . .        Y - +1 war axe
rCold   + . .        j - +0 kite shield
rNeg    + . .        s - +0 plate armour
rPois   inf          f - +0 helmet
rElec   +            x - +0 cloak
rCorr   .            e - +1 pair of gloves
SInv    .            (no boots)
Will    .....        (no amulet) Stlth
                     a - ring of protection from cold
HPRegen 0.30/turn    p - ring of protection from fire
MPRegen 0.13/turn

%: no passive effects
@: heroic
A: sickness immunity, AC +7, negative energy resistance 1, electricity
resistance, torment resistance 1, petrification resistance
a: Renounce Religion, Heroism


You were on level 8 of the Dungeon.
You worshipped Okawaru.
Okawaru was aware of your devotion.
You visited 2 branches of the dungeon, and saw 9 of its levels.

You collected 790 gold pieces.


Innate Abilities, Weirdness & Mutations

You are immune to sickness and miasma.
Your stone body is resilient. (AC +7)
You are immune to poison.
You resist negative energy. (rN+)
You are resistant to electric shocks. (rElec)
You are resistant to unholy torment.
You are immune to petrification.


   Skills:
 - Level 6.0(11.0) Fighting
 - Level 9.0(14.0) Axes
 - Level 2.0(7.0) Throwing
 - Level 6.0(11.0) Armour
 - Level 1.2(6.2) Dodging
 + Level 7.9(12.9) Shields
 - Level 4.0 Invocations


You had 9 spell levels left.
You didn't know any spells.
Your spell library was empty.

Inventory:

Hand Weapons
 m - a +0 flail
 Y - a +1 war axe (weapon)
Missiles
 t - 3 boomerangs (quivered)
Armour
 e - a +1 pair of gloves (worn)
 f - a +0 helmet (worn)
 j - a +0 kite shield (worn)
 s - a +0 plate armour (worn)
 x - a +0 cloak (worn)
Jewellery
 a - a ring of protection from cold (left hand)
 p - a ring of protection from fire (right hand)
Scrolls
 i - a scroll of identify
Potions
 b - a potion of lignification {unknown}
 d - a potion of might
 g - a potion of ambrosia {unknown}
 h - 2 potions of attraction
 k - 2 potions of curing
 l - 2 potions of resistance
 n - a potion of heal wounds {unknown}
 q - a potion of cancellation

Dungeon Overview and Level Annotations

Branches:
Dungeon (8/15)             Temple (1/1) D:5
   Lair: D:8-11

Altars:
Ashenzari
Cheibriados
Elyvilon
Fedhas
Gozag
Hepliaklqana
Kikubaaqudgha
Makhleb
Nemelex Xobeh
Okawaru
Ru
Sif Muna
Trog
Uskayaw
Vehumet
Wu Jian
Xom
Yredelemnul
Zin
The Shining One

Shops:
D:4 [

Annotations:
D:8 Joseph


Message History

The death yak gores you!
You slash the death yak!
The death yak is heavily wounded.
You hit the death yak. x2; You hit the death yak but do no damage.
The death yak gores you but does no damage.
You block the death yak's attack.
The death yak gores you but does no damage.
The death yak misses you.
You hit the death yak.
The death yak is heavily wounded.
You hit the death yak but do no damage. x2; You slash the death yak!
You block the death yak's attack. x2; The death yak gores you! x2
You hit the death yak.
The death yak is heavily wounded.
You hit the death yak but do no damage. You barely miss the death yak.
You slash the death yak! You block the death yak's attack.
The death yak gores you. The death yak gores you!
The death yak gores you but does no damage.
You barely miss the death yak.
The death yak is heavily wounded.
You hit the death yak but do no damage. You barely miss the death yak.
You slash the death yak! You block the death yak's attack.
The death yak gores you but does no damage.
You block the death yak's attack. The death yak closely misses you.
You slash the death yak!
The death yak is severely wounded.
You hit the death yak but do no damage. You slash the death yak! x2
You hit the death yak but do no damage.
The death yak is severely wounded.
You hit the death yak but do no damage. You slash the death yak!
You hit the death yak. The death yak barely misses you.
You block the death yak's attack. The death yak gores you.
The death yak closely misses you.
You slash the death yak!
The death yak is severely wounded.
You hit the death yak. You slash the death yak! You hit the death yak.
The death yak gores you!!
You die...

.# ..#..# .
......
.##.......
.....)...#
#.........
#.........
###YY........
#.Y@)........
#.#.Y.......#
..
##.......##
#..
#..%......#
...
#.........#
##
#.........#
#.<.......#
#.........#
##.......##


You could see 4 death yaks.

Vanquished Creatures
  A death yak (D:8)
  Grinder (D:4)
  2 steam dragons
  Eustachio (D:3)
  Duvessa (D:6)
  A black bear (D:7)
  An orc warrior (D:8)
  An ice beast (D:5)
  3 centaurs
  3 ogres (D:6)
  2 phantoms
  Blork the orc (D:5)
  A kobold brigand (D:6)
  A gnoll sergeant (D:7)
  A scorpion (D:7)
  2 bullfrogs
  3 wights (D:8)
  Dowan (D:6)
  A howler monkey (D:6)
  6 hounds
  A gnoll bouda (D:7)
  3 sleepcaps (D:6)
  6 iguanas
  2 orc wizards (D:6)
  Ijyb (D:5)
  Natasha (thrice) (D:4)
  Robin (D:3)
  9 gnolls (D:7)
  3 adders
  3 shadow imps (D:6)
  An ufetubus (D:5)
  2 worms
  3 dart slugs
  15 orcs
  9 ball pythons
  5 bats
  9 endoplasms
  6 giant cockroaches
  24 goblins
  9 hobgoblins
  7 jackals (D:1)
  5 quokkas
  11 kobolds
  3 rats
175 creatures vanquished.

Vanquished Creatures (others)
  A wight (D:8)
  An adder (D:5)
2 creatures vanquished.

Grand Total: 177 creatures vanquished

Notes
Turn   | Place    | Note
-------+----------+-------------------------------------------
     0 | D:1      | qw the Gargoyle Fighter began the quest for the Orb.
     0 | D:1      | Reached XP level 1. HP: 14/14 MP: 1/1
     0 | D:1      | 0 ||| qw: Version: 0.2-a-99-gce666ed
     0 | D:1      | 0 ||| qw: Game counter: 132
     0 | D:1      | 0 ||| qw: Always use a shield: true
     0 | D:1      | 0 ||| qw: God list: Okawaru
     0 | D:1      | 0 ||| qw: Allow faded altars: false
     0 | D:1      | 0 ||| qw: Do Orc after D:15 true
     0 | D:1      | 0 ||| qw: Do second Lair branch before Depths: true
     0 | D:1      | 0 ||| qw: Lair rune preference: random
     0 | D:1      | 0 ||| qw: Plans: Normal, Zot:1-4, God:TSO, Crypt, Tomb,
                  | Pan, Slime:5, Hells, Abyss, Win
     0 | D:1      | 0 ||| PLANNING D:1-11
    43 | D:1      | Reached skill level 2 in Axes
    72 | D:1      | 72 ||| Stepping ~*~*~tactically~*~*~ (hiding).
    73 | D:1      | 73 ||| Stepping ~*~*~tactically~*~*~ (hiding).
   189 | D:1      | 189 ||| Stepping ~*~*~tactically~*~*~ (hiding).
   190 | D:1      | 190 ||| Stepping ~*~*~tactically~*~*~ (hiding).
   198 | D:1      | Reached XP level 2. HP: 19/19 MP: 2/2
   375 | D:1      | Reached skill level 3 in Axes
   377 | D:1      | Reached XP level 3. HP: 15/23 MP: 3/3
   595 | D:1      | Found a faded altar of an unknown god.
   633 | D:1      | 633 ||| DROPPING +0 club.
   878 | D:1      | 878 ||| READING scroll labelled CECKAVULUCW.
   879 | D:1      | 879 ||| READING scroll labelled CAUDUB TIEJA.
   880 | D:1      | 880 ||| DRINKING 2 glowing cyan potions.
   959 | D:2      | You fall into a shaft and drop 2 floors!
   959 | D:4      | Found Aqol's Armour Boutique.
   963 | D:4      | 963 ||| SHOPLISTING +0 chain mail (49 gold, have 48).
   963 | D:4      | 963 ||| SHOPLISTING +0 kite shield (49 gold, have 48).
   999 | D:4      | 999 ||| Stepping ~*~*~tactically~*~*~ (stealth).
  1007 | D:4      | Reached XP level 4. HP: 22/28 MP: 4/4
  1038 | D:4      | Noticed Natasha
  1043 | D:4      | Killed Natasha
  1044 | D:4      | Reached skill level 4 in Axes
  1078 | D:4      | 1078 ||| UPGRADING to +0 pair of gloves.
  1083 | D:4      | 1083 ||| READING scroll labelled NUUTEH VIUSE.
  1091 | D:4      | 1091 ||| STAIRDANCE
  1143 | D:3      | Found a burning altar of Makhleb.
  1161 | D:3      | Noticed Robin
  1180 | D:3      | Killed Robin
  1181 | D:3      | Reached XP level 5. HP: 22/32 MP: 5/5
  1239 | D:3      | 1239 ||| UPGRADING to +0 helmet.
  1244 | D:3      | 1244 ||| UPGRADING to ring of protection from cold.
  1245 | D:3      | 1245 ||| READING scroll labelled EGUCOU QYOMOFF.
  1315 | D:2      | 1315 ||| Stepping ~*~*~tactically~*~*~ (stealth).
  1586 | D:2      | 1586 ||| UPGRADING to +0 chain mail.
  1596 | D:2      | 1596 ||| DROPPING +0 scale mail.
  1647 | D:3      | 1647 ||| Stepping ~*~*~tactically~*~*~ (stealth).
  1662 | D:3      | 1662 ||| Stepping ~*~*~tactically~*~*~ (stealth).
  1706 | D:3      | 1706 ||| Stepping ~*~*~tactically~*~*~ (stealth).
  1944 | D:3      | Reached skill level 5 in Axes
  2145 | D:3      | 2145 ||| READING scroll labelled DOEGED BEMO.
  2146 | D:3      | 2146 ||| READING scroll labelled TUUV ZEGIT.
  2164 | D:4      | 2164 ||| Stepping ~*~*~tactically~*~*~ (hiding).
  2166 | D:4      | 2166 ||| Stepping ~*~*~tactically~*~*~ (hiding).
  2180 | D:4      | Noticed Eustachio
  2201 | D:4      | 2201 ||| FLEEEEING.
  2202 | D:4      | 2202 ||| FLEEEEING.
  2203 | D:4      | 2203 ||| FLEEEEING.
  2205 | D:4      | 2205 ||| STAIRDANCE
  2279 | D:4      | 2279 ||| STAIRDANCE
  2283 | D:3      | 2283 ||| FLEEEEING.
  2286 | D:3      | 2286 ||| FLEEEEING.
  2287 | D:3      | 2287 ||| FLEEEEING.
  2288 | D:3      | 2288 ||| FLEEEEING.
  2289 | D:3      | 2289 ||| FLEEEEING.
  2290 | D:3      | 2290 ||| FLEEEEING.
  2291 | D:3      | 2291 ||| FLEEEEING.
  2292 | D:3      | 2292 ||| FLEEEEING.
  2293 | D:3      | 2293 ||| FLEEEEING.
  2294 | D:3      | 2294 ||| FLEEEEING.
  2295 | D:3      | 2295 ||| FLEEEEING.
  2296 | D:3      | 2296 ||| FLEEEEING.
  2297 | D:3      | 2297 ||| FLEEEEING.
  2298 | D:3      | 2298 ||| FLEEEEING.
  2299 | D:3      | 2299 ||| FLEEEEING.
  2300 | D:3      | 2300 ||| FLEEEEING.
  2301 | D:3      | 2301 ||| FLEEEEING.
  2302 | D:3      | 2302 ||| FLEEEEING.
  2303 | D:3      | 2303 ||| FLEEEEING.
  2304 | D:3      | 2304 ||| FLEEEEING.
  2305 | D:3      | 2305 ||| FLEEEEING.
  2306 | D:3      | 2306 ||| FLEEEEING.
  2312 | D:3      | 2312 ||| FLEEEEING.
  2313 | D:3      | 2313 ||| STAIRDANCE
  2351 | D:3      | Killed Eustachio
  2352 | D:3      | Reached XP level 6. HP: 37/40 MP: 6/6
  2460 | D:4      | Noticed Grinder
  2468 | D:4      | Reached skill level 1 in Throwing
  2476 | D:4      | Paralysed by Grinder for 3 turns
  2481 | D:4      | 2481 ||| FLEEEEING.
  2482 | D:4      | 2482 ||| FLEEEEING.
  2493 | D:4      | 2493 ||| FLEEEEING.
  2499 | D:4      | 2499 ||| FLEEEEING.
  2501 | D:4      | 2501 ||| FLEEEEING.
  2502 | D:4      | 2502 ||| FLEEEEING.
  2505 | D:4      | 2505 ||| STAIRDANCE
  2544 | D:3      | 2544 ||| READING 2 scrolls labelled KUCLYU WYSMUQU.
  2545 | D:3      | 2545 ||| DRINKING 2 fizzy brown potions.
  2546 | D:3      | 2546 ||| DRINKING 2 bubbling inky potions.
  2547 | D:3      | 2547 ||| DROPPING scroll of immolation.
  2555 | D:4      | Killed Grinder
  2556 | D:4      | Reached skill level 6 in Axes
  2556 | D:4      | Reached XP level 7. HP: 34/44 MP: 7/7
  2666 | D:4      | Noticed Natasha
  2667 | D:4      | 2667 ||| Stepping ~*~*~tactically~*~*~ (stealth).
  2673 | D:4      | Killed Natasha
  2764 | D:4      | Noticed Natasha
  2765 | D:4      | 2765 ||| Stepping ~*~*~tactically~*~*~ (hiding).
  2769 | D:4      | Killed Natasha
  2770 | D:4      | Reached skill level 1 in Dodging
  3055 | D:5      | Entered Level 5 of the Dungeon
  3056 | D:5      | 3056 ||| PLANNING OSSUARY
  3110 | D:5      | 3110 ||| READING scroll of enchant armour.
  3110 | D:5      | 3110 ||| ENCHANTING +0 pair of gloves.
  3117 | D:5      | Noticed Blork the orc
  3123 | D:5      | Killed Blork the orc
  3241 | D:5      | Noticed Ijyb
  3242 | D:5      | 3242 ||| Stepping ~*~*~tactically~*~*~ (hiding).
  3253 | D:5      | Killed Ijyb
  3266 | D:5      | 3266 ||| Stepping ~*~*~tactically~*~*~ (stealth).
  3305 | D:5      | Reached skill level 7 in Axes
  3305 | D:5      | Reached XP level 8. HP: 49/49 MP: 8/8
  3428 | D:5      | Found a staircase to the Ecumenical Temple.
  3700 | D:5      | 3700 ||| RIP OSSUARY
  3724 | D:5      | 3724 ||| PLANNING TEMPLE
  3724 | D:5      | 3724 ||| UPGRADING to ring of protection from fire.
  3725 | D:5      | 3725 ||| READING 2 scrolls labelled ZUSUIPAHUH.
  3729 | D:5      | 3729 ||| READING scroll labelled OCEOWK PUSOPTI.
  3782 | Temple   | Entered the Ecumenical Temple
  3783 | Temple   | 3783 ||| PLANNING OKAWARU WORSHIP
  3965 | Temple   | Became a worshipper of Warmaster Okawaru
  3965 | Temple   | 3965 ||| PLANNING D:1-11
  4134 | D:6      | 4134 ||| Stepping ~*~*~tactically~*~*~ (hiding).
  4137 | D:6      | 4137 ||| Stepping ~*~*~tactically~*~*~ (hiding).
  4139 | D:6      | 4139 ||| Stepping ~*~*~tactically~*~*~ (hiding).
  4169 | D:6      | 4169 ||| Stepping ~*~*~tactically~*~*~ (stealth).
  4170 | D:6      | 4170 ||| Stepping ~*~*~tactically~*~*~ (stealth).
  4436 | D:6      | Reached skill level 8 in Axes
  4620 | D:6      | Reached skill level 6 in Fighting
  4623 | D:6      | Reached * piety under Okawaru
  4683 | D:6      | 4683 ||| Stepping ~*~*~tactically~*~*~ (stealth).
  4689 | D:6      | 4689 ||| Stepping ~*~*~tactically~*~*~ (stealth).
  4693 | D:6      | Reached skill level 1 in Invocations
  4693 | D:6      | 4693 ||| Stepping ~*~*~tactically~*~*~ (hiding).
  4710 | D:6      | Reached XP level 9. HP: 54/55 MP: 8/10
  4711 | D:6      | 4711 ||| Stepping ~*~*~tactically~*~*~ (stealth).
  4740 | D:6      | 4740 ||| Stepping ~*~*~tactically~*~*~ (hiding).
  4761 | D:6      | 4761 ||| DROPPING +0 whip.
  4766 | D:6      | 4766 ||| Stepping ~*~*~tactically~*~*~ (stealth).
  4767 | D:6      | 4767 ||| PLANNING D:1-11
  4780 | D:6      | 4780 ||| INVOKING Heroism.
  4785 | D:6      | Reached skill level 3 in Invocations
  4791 | D:6      | Reached skill level 9 in Axes
  4847 | D:6      | Noticed Duvessa
  4848 | D:6      | 4848 ||| Stepping ~*~*~tactically~*~*~ (stealth).
  4850 | D:6      | 4850 ||| INVOKING Heroism.
  4850 | D:6      | Noticed Dowan
  4851 | D:6      | 4851 ||| Stepping ~*~*~tactically~*~*~ (hiding).
  4861 | D:6      | Killed Duvessa
  4865 | D:6      | Killed Dowan
  4878 | D:6      | 4878 ||| Stepping ~*~*~tactically~*~*~ (stealth).
  5101 | D:6      | 5101 ||| UPGRADING to +0 plate armour.
  5111 | D:6      | 5111 ||| DROPPING +0 chain mail.
  5112 | D:6      | 5112 ||| READING scroll labelled ONASOM IFO.
  5113 | D:6      | 5113 ||| DRINKING 2 metallic black potions.
  5137 | D:7      | 5137 ||| Stepping ~*~*~tactically~*~*~ (stealth).
  5154 | D:7      | 5154 ||| INVOKING Heroism.
  5459 | D:7      | 5459 ||| Stepping ~*~*~tactically~*~*~ (hiding).
  5460 | D:7      | 5460 ||| Stepping ~*~*~tactically~*~*~ (hiding).
  5466 | D:7      | 5466 ||| Stepping ~*~*~tactically~*~*~ (hiding).
  5467 | D:7      | 5467 ||| Stepping ~*~*~tactically~*~*~ (hiding).
  5468 | D:7      | 5468 ||| Stepping ~*~*~tactically~*~*~ (hiding).
  5502 | D:7      | 5502 ||| Stepping ~*~*~tactically~*~*~ (stealth).
  5503 | D:7      | 5503 ||| Stepping ~*~*~tactically~*~*~ (stealth).
  5504 | D:7      | 5504 ||| Stepping ~*~*~tactically~*~*~ (stealth).
  5507 | D:7      | 5507 ||| Stepping ~*~*~tactically~*~*~ (stealth).
  5509 | D:7      | 5509 ||| INVOKING Heroism.
  5603 | D:7      | 5603 ||| INVOKING Heroism.
  5607 | D:7      | Reached skill level 6 in Armour
  5884 | D:7      | 5884 ||| UPGRADING to +0 kite shield.
  5894 | D:7      | 5894 ||| DROPPING +0 buckler.
  5895 | D:7      | 5895 ||| UPGRADING to +0 cloak.
  5900 | D:7      | 5900 ||| READING 3 scrolls labelled GOOLOR NETOU.
  5901 | D:7      | 5901 ||| READING scroll labelled RAIKLANKUN.
  5902 | D:7      | 5902 ||| DRINKING 2 coppery potions.
  5903 | D:7      | 5903 ||| READING 2 scrolls of identify.
  5903 | D:7      | 5903 ||| IDENTIFYING grey potion
  5904 | D:7      | 5904 ||| DROPPING potion of berserk rage.
  5905 | D:7      | 5905 ||| DROPPING 2 scrolls of poison.
  5906 | D:7      | 5906 ||| DROPPING potion of brilliance.
  5935 | D:8      | 5935 ||| INVOKING Heroism.
  5942 | D:8      | Noticed Joseph
  5942 | D:8      | Noticed a hornet
  5949 | D:8      | 5949 ||| STAIRDANCE
  5949 | D:8      | HP: 13/55 [hornet (2)]
  5951 | D:7      | 5951 ||| READING scroll of teleportation.
  5952 | D:7      | 5952 ||| INVOKING Heroism.
  5959 | D:7      | 5959 ||| FLEEEEING.
  6120 | D:8      | Noticed a death yak
  6121 | D:8      | 6121 ||| INVOKING Heroism.
  6128 | D:8      | Killed a death yak
  6129 | D:8      | Reached XP level 10. HP: 59/60 MP: 11/13
  6148 | D:8      | Noticed a death yak
  6149 | D:8      | 6149 ||| INVOKING Heroism.
  6150 | D:8      | Noticed a death yak
  6151 | D:8      | Noticed a death yak
  6152 | D:8      | Noticed a death yak
  6167 | D:8      | HP: 10/60 [death yak (8)]
  6171 | D:8      | Mangled by a death yak

Levels and vault maps discovered:
D:1:      minmay_arrival_radiant_lines, layout_rooms,
          shapermc_ecumenical_altar_starsandcircs, nrook_uturn,
          minmay_crystal_room
D:2:      layout_rooms
D:3:      layout_loops_ring, mainiacjoe_overflow_boulevard, uniq_robin
D:4:      layout_rooms, serial_shops, nicolae_shop_trees, uniq_eustachio,
          uniq_natasha, uniq_grinder
D:5:      layout_loops_ring, minmay_temple_entry_gardened_gates,
          lightli_ossuary_entry_decrepit_ruins, lemuel_flame_loot_1,
          uniq_blork_the_orc, uniq_ijyb
D:6:      minmay_polygon_palace, layout_basic, minmay_ogre_servants,
          uniq_duvessa
D:7:      layout_cave_pools
D:8:      layout_rooms, dpeg_lair_monsters, lemuel_flamethrower_1,
          uniq_prince_ribbit1, uniq_joseph
Temple:   nicolae_temple_bog_church

Skill      XL: |  1  2  3  4  5  6  7  8  9 |
---------------+----------------------------+-----
Axes           | 2 3 4 5 6 7 8 9 |  9.0
Fighting       | 5 6 |  6.0
Throwing       | 1 2 |  2.0
Dodging        | 1 |  1.2
Armour         | 4 6 |  6.0
Invocations    | 2 4 |  4.0
Shields        | 7 |  7.9

Action                     |  1- 3 |  4- 6 |  7- 9 | 10-12 || total
---------------------------+-------+-------+-------+-------++-------
  Melee: War axe           |    57 |   178 |   280 |    17 ||   532
  Throw: Javelin           |       |     1 |    40 |       ||    41
         Boomerang         |       |       |    11 |     5 ||    16
 Invoke: Heroism           |       |       |     8 |     1 ||     9
    Use: Scroll            |     2 |     5 |     8 |       ||    15
         Potion            |     1 |     2 |     2 |       ||     5
 Armour: Scale mail        |    28 |    44 |       |       ||    72
         Chain mail        |       |    88 |   149 |       ||   237
         Plate armour      |       |       |    58 |    13 ||    71
  Dodge: Dodged            |    20 |    71 |   114 |     6 ||   211
  Block: Buckler           |     8 |    36 |    55 |       ||    99
         Kite shield       |       |       |    11 |    14 ||    25

Table legend:
 A = Non-vault XP
 B = Vault XP
 C = Vault XP percentage of total XP
 D = Non-vault monster count
 E = Vault monster count
 F = Vault count percentage of total count
                 A         B        C        D         E       F
            +---------+---------+-------+---------+---------+-------
      Total |    2724 |    2582 |  48.7 |     130 |      46 |  26.1
            +---------+---------+-------+---------+---------+-------
        D:1 |      45 |       0 |   0.0 |      23 |       0 |   0.0
        D:2 |      40 |       0 |   0.0 |      13 |       0 |   0.0
        D:3 |      33 |     219 |  86.9 |      17 |      14 |  45.2
        D:4 |     251 |     302 |  54.6 |      27 |       2 |   6.9
        D:5 |     333 |     130 |  28.1 |       7 |       2 |  22.2
        D:6 |     696 |    1130 |  61.9 |      18 |      27 |  60.0
        D:7 |     622 |       0 |   0.0 |      15 |       0 |   0.0
        D:8 |     704 |     801 |  53.2 |      10 |       1 |   9.1
            +---------+---------+-------+---------+---------+-------
